 Dungeon Crawl Stone Soup version 0.25-a0-583-g696c2ac (webtiles) character file.

Game seed: 11634690369449534100, levelgen mode: deterministic

130 BlueFish the Covered (level 4, -10/41 HPs)
             Began as a Minotaur Fighter on Mar 8, 2020.
             Killed by nerve-wracking pain
             ... invoked by an orc priest
              (14 damage)
             ... on level 2 of the Dungeon.
             The game lasted 00:02:28 (1342 turns).

BlueFish the Covered (Minotaur Fighter)             Turns: 1342, Time: 00:02:28

Health: -10/41     AC:  7    Str: 20    XL:     4   Next: 89%
Magic:  3/3        EV: 24    Int:  5    God:
Gold:   114        SH:  0    Dex: 11    Spells: 3/3 levels left

rFire    . . .     SeeInvis .   a - +0 long sword
rCold    . . .     Gourm    .   (no shield)
rNeg     . . .     Faith    .   b - +0 scale mail
rPois    .         Spirit   .   m - +0 hat
rElec    .         Reflect  .   (no cloak)
rCorr    .         Harm     .   (no gloves)
MR       .....                  (no boots)
Stlth    ..........             q - amulet of the acrobat
HPRegen  0.13/turn              (no ring)
MPRegen  0.08/turn              (no ring)

@: confused, mighty, lethally poisoned (-10 -> -52), acrobat
A: retaliatory headbutt, horns 2
a: no special abilities


You were on level 2 of the Dungeon.
You were not hungry.

You visited 1 branch of the dungeon, and saw 2 of its levels.

You collected 114 gold pieces.

Inventory:

Hand Weapons
 a - a +0 long sword (weapon)
 o - a +1 short sword of draining
Armour
 b - a +0 scale mail (worn)
 c - a +0 kite shield
 m - a +0 hat (worn)
Jewellery
 q - an amulet of the acrobat (around neck)
Scrolls
 h - a scroll of identify
 j - a scroll of immolation {unknown}
 l - a scroll of teleportation
 p - a scroll of magic mapping
Potions
 i - a potion of haste
 k - a potion of stabbing {unknown}
Comestibles
 f - a ration
 g - 3 chunks of flesh


   Skills:
 * Level 4.5 Fighting
 * Level 4.1 Long Blades
 * Level 4.9 Armour
 + Level 0.4 Dodging
 + Level 3.9 Shields


You had 3 spell levels left.
You didn't know any spells.
Your spell library was empty.

Dungeon Overview and Level Annotations

Branches:
Dungeon (2/15)

Altars:
Qazlal


Innate Abilities, Weirdness & Mutations

You reflexively headbutt those who attack you in melee.
You have a pair of horns on your head.


Message History

* * * LOW HITPOINT WARNING * * *
You are more poisoned.
The adder poisons you! The goblin hits you.
* * * LOW HITPOINT WARNING * * *
You are confused.
You feel invigorated.
* * * LOW HITPOINT WARNING * * *
You feel very sick. The adder bites you.
* * * LOW HITPOINT WARNING * * *
The orc hits you from afar with a +2 trident of venom.
* * * LOW HITPOINT WARNING * * *
You are more poisoned.
The orc priest barely misses you. The goblin barely misses you.
The adder bites you but does no damage.
* * * LOW HITPOINT WARNING * * *
You feel very sick.
The orc priest invokes the aid of Beogh against you.
Pain shoots through your body!
You die...

#..##......##,,,,*,,,,,,,,,,,****
##..##......##,,**,,,,,,,,,,,*,,,
#....##...[..##,,*,,,,*,,,,,,,,,,
#.##..##......##,*,*,,*,*,,,,,,,*
###...)##......##*,**,*,*,*,,,*,*
#...##..##......##,,,,*,*,*,*,*,*
#.###÷..###(.....#**,,*,*,*,*,*,*
###.÷.###......#'# *,,*,*,*,,,*,*
#...###......###@# *,,*,*,,,,,,,*
#.###......###S..# *,,*,,,,,,,,,,
#'#......###.ogo## *,,,,,,,,,,,,,
#......###...o#..* *,,,,,,,,*****
.....###...##.##.# **********
#..###,,.#,,#,,*!# ####
***********##


You could see an orc priest, an adder, 2 orcs and a goblin.

Vanquished Creatures
  A scorpion (D:2)
  2 adders (D:2)
  An ooze (D:2)
  2 worms (D:2)
  A dart slug (D:1)
  A leopard gecko (D:2)
  2 orcs (D:2)
  A giant cockroach (D:1)
  5 goblins
  10 hobgoblins
  5 kobolds
  A ball python (D:2)
  5 bats
  5 frilled lizards
  5 rats
47 creatures vanquished.

Notes
Turn   | Place    | Note
-------+----------+-------------------------------------------
     0 | D:1      | BlueFish the Minotaur Fighter began the quest for the Orb.
     0 | D:1      | Reached XP level 1. HP: 19/19 MP: 0/0
   158 | D:1      | Reached XP level 2. HP: 23/27 MP: 1/1
   533 | D:1      | Reached XP level 3. HP: 30/33 MP: 2/2
   614 | D:2      | Found a stormy altar of Qazlal.
  1018 | D:2      | Noticed a scorpion
  1035 | D:2      | Killed a scorpion
  1035 | D:2      | Reached XP level 4. HP: 17/41 MP: 3/3
  1341 | D:2      | HP: 2/41 [orc/+2 trident of venom (1)]
  1342 | D:2      | Killed from afar by an orc priest

Levels and vault maps discovered:
D:1:      evilmike_arrival_grusome_pit, layout_rooms
D:2:      minmay_razor_zed, layout_rooms, minmay_misc_feat_more_columns,
          nicolae_qazlal_general_emergency, uniq_terence

Skill      XL: |  1  2  3  4 |
---------------+-------------+-----
Armour         | 4 |  4.9
Fighting       | 4 |  4.5
Long Blades    | 3 4 |  4.1
Dodging        | |  0.4
Shields        | |  3.9

Action                   |  1- 3 |  4- 6 || total
-------------------------+-------+-------++-------
Melee: Long sword        |    89 |    21 ||   110
       Headbutt          |    18 |     3 ||    21
  Use: Scroll            |     6 |       ||     6
       Potion            |     1 |     3 ||     4
  Eat: Chunk             |       |     2 ||     2
Armor: Scale mail        |    41 |    19 ||    60
Dodge: Dodged            |    48 |    12 ||    60
       Rpst.: Long sword |    16 |       ||    16

Table legend:
 A = Non-vault XP
 B = Vault XP
 C = Vault XP percentage of total XP
 D = Non-vault monster count
 E = Vault monster count
 F = Vault count percentage of total count
                 A         B        C        D         E       F
            +---------+---------+-------+---------+---------+-------
      Total |     173 |      13 |   7.0 |      38 |       9 |  19.1
            +---------+---------+-------+---------+---------+-------
        D:1 |      42 |       0 |   0.0 |      25 |       0 |   0.0
        D:2 |     131 |      13 |   9.0 |      13 |       9 |  40.9
            +---------+---------+-------+---------+---------+-------
